 Dungeon Crawl Stone Soup version 0.19.5 (webtiles) character file.

107 wolfsongas the Cudgeler (level 4, -1/39 HPs)
             Began as a Minotaur Fighter on May 5, 2017.
             Was an Initiate of Okawaru.
             Slain by an adder (3 damage)
             ... on level 2 of the Dungeon.
             The game lasted 00:04:07 (970 turns).

wolfsongas the Cudgeler (Minotaur Fighter)           Turns: 970, Time: 00:04:07

Health: -1/39      AC:  6    Str: 20    XL:     4   Next: 57%
Magic:  3/3        EV:  9    Int:  5    God:    Okawaru [......]
Gold:   56         SH:  3    Dex: 11    Spells: 0 memorised, 3 levels left

rFire  . . .     SeeInvis .     a - +0 flail
rCold  . . .     Gourm    .     b - +0 scale mail
rNeg   . . .     Faith    .     (no shield)
rPois  .         Spirit   .     (helmet restricted)
rElec  .         Reflect  +     (no cloak)
rCorr  .         Harm     .     (no gloves)
MR     .....                    (no boots)
Stlth  ..........               h - +3 amulet of reflection
                                (no ring)
                                (no ring)

@: lethally poisoned (-1 -> -7)
A: retaliatory headbutt, horns 2
a: Renounce Religion


You were on level 2 of the Dungeon.
You worshipped Okawaru.
Okawaru was noncommittal.
You were full.

You visited 1 branch of the dungeon, and saw 2 of its levels.

You collected 56 gold pieces.

Inventory:

Hand Weapons
 a - a +0 flail (weapon)
 e - a +0 short sword
Armour
 b - a +0 scale mail (worn)
 c - a +0 shield
Jewellery
 h - a +3 amulet of reflection (around neck)
Comestibles
 f - 2 fruits
 g - 4 meat rations


   Skills:
 - Level 3.6 Fighting
 * Level 5.8 Maces & Flails
 - Level 3.6 Armour
 + Level 0.2 Dodging
 - Level 3.6 Shields


You had 3 spell levels left.
You didn't know any spells.

Dungeon Overview and Level Annotations

Branches:
Dungeon (2/15)

Altars:
Nemelex Xobeh
Okawaru
Sif Muna


Innate Abilities, Weirdness & Mutations

You reflexively headbutt those who attack you in melee.
You have a pair of horns on your head.


Message History

You headbutt the adder!
You kill the adder!
Okawaru accepts your kill.
* * * LOW HITPOINT WARNING * * *
You feel sick. You block the gnoll's attack.
You hit the hobgoblin.
You kill the hobgoblin!
Okawaru accepts your kill.
* * * LOW HITPOINT WARNING * * *
You feel sick. The gnoll barely misses you.
You hit the kobold.
You kill the kobold!
Okawaru accepts your kill.
* * * LOW HITPOINT WARNING * * *
You feel sick. The gnoll hits you but does no damage.
You hit the adder.
The adder is moderately wounded.
* * * LOW HITPOINT WARNING * * *
You feel sick. The adder bites you.
You die...

,*,*,,*,,,,,,,,,*###.##.# ###
,,,,*,,,,,,,,,,,* #.##.# #..
**,,,*,,,,,,,,,,* #.##.#######..
*,,,*,,,,,,,**** #.##..........
***,,*,,,,,** #.##..#######.
*,,*,,,,,* #.##......<...
*,,,,,,,,* #......######.
*,,,,,...########....#.# #.
***,,,,,.....gS@......##.#* #.
**,,,*,**#......?......#*..* #.
,,,***,,,..............#*#.* ##
,*** *,,*.................,* *
,*****,,,.##...#############****#
,,,,,,,,,,,#...*,#.#..(#รท#.#,,,..
*,,,,,,,,,...$.**,#.....#)##,,.##
*,,,,,*,**.....*,#..#.#.)#.#..,,,
*,,,,,*,***>,,,##..##)##..##.,,,,


You could see a gnoll and an adder.

Vanquished Creatures
  4 adders (D:2)
  2 gnolls (D:2)
  An ooze (D:1)
  2 dart slugs (D:1)
  2 leopard geckos (D:1)
  A giant cockroach (D:1)
  10 goblins
  5 hobgoblins (D:2)
  4 jackals (D:1)
  4 kobolds
  3 bats
  3 frilled lizards
  2 rats
43 creatures vanquished.

Notes
Turn   | Place    | Note
-------+----------+-------------------------------------------
     0 | D:1      | wolfsongas the Minotaur Fighter began the quest for the Orb.
     0 | D:1      | Reached XP level 1. HP: 19/19 MP: 0/0
    94 | D:1      | Reached skill level 3 in Maces & Flails
   109 | D:1      | Reached XP level 2. HP: 26/26 MP: 1/1
   307 | D:1      | Reached skill level 4 in Maces & Flails
   345 | D:1      | Reached XP level 3. HP: 31/31 MP: 2/2
   382 | D:1      | You fall through a shaft!
   414 | D:2      | Reached skill level 5 in Maces & Flails
   812 | D:2      | Reached XP level 4. HP: 31/39 MP: 3/3
   852 | D:2      | Found an iron altar of Okawaru.
   861 | D:2      | Found a deep blue altar of Sif Muna.
   870 | D:2      | Found a sparkling altar of Nemelex Xobeh.
   884 | D:2      | Became a worshipper of Warmaster Okawaru
   970 | D:2      | Slain by an adder

Skill      XL: |  1  2  3 |
---------------+----------+-----
Maces & Flails | 3 4 5 |  5.8
Fighting       | |  3.6
Armour         | |  3.6
Dodging        | |  0.2
Shields        | |  3.6

Action                   |  1- 3 |  4- 6 || total
-------------------------+-------+-------++-------
Melee: Flail             |    90 |    13 ||   103
       Headbutt          |    12 |     2 ||    14
  Use: Scroll            |     2 |     1 ||     3
       Potion            |     1 |       ||     1
  Eat: Bread ration      |     1 |       ||     1
Armor: Scale mail        |    43 |    10 ||    53
Dodge: Dodged            |    37 |    13 ||    50
Block: Shield            |     6 |       ||     6
       Other             |    12 |     5 ||    17
